 Dungeon Crawl Stone Soup version 0.31-a0-844-gdc52ec4e09 (webtiles) character file.

Game seed: 12239767340670133128

237 lonewolfV2 the Chopper (level 5, -15/41 HPs)
             Began as a Demonspawn Gladiator on Sept 29, 2023.
             Demolished by an ogre
             ... wielding a +0 giant spiked club
              (30 damage)
             ... on level 4 of the Dungeon.
             The game lasted 00:03:05 (2653 turns).

lonewolfV2 the Chopper (Demonspawn Gladiator)       Turns: 2653, Time: 00:03:06

Health: -15/41     AC:  4    Str: 22    XL:     5   Next: 77%
Magic:  5/5        EV: 13    Int: 10    God:
Gold:   173        SH:  0    Dex: 17    Spells: 4/4 levels left

rFire   . . .        a - +0 war axe
rCold   . . .        (no shield)
rNeg    + . .        b - +0 leather armour
rPois   +            c - +0 helmet
rElec   .            (no cloak)
rCorr   .            (no gloves)
SInv    .            (no boots)
Will    .....        (no amulet)
Stlth   +            q - ring of Fragile Peace {rPois rN+ Dex+3}
HPRegen 0.26/turn    l - +6 ring of strength
MPRegen 0.09/turn

%: no passive effects
@: no status effects
A: spiny 1, demonic touch 1
a: no special abilities


You were on level 4 of the Dungeon.
You visited 1 branch of the dungeon, and saw 4 of its levels.

You collected 173 gold pieces.

Inventory:

Hand Weapons
 a - a +0 war axe (weapon)
Missiles
 d - 2 throwing nets (quivered)
 e - a javelin
Armour
 b - a +0 leather armour (worn)
 c - a +0 helmet (worn)
Jewellery
 l - a +6 ring of strength (right hand)
 n - a ring of magical power
 q - the ring of Fragile Peace (left hand) {rPois rN+ Dex+3}
   (You found it on level 3 of the Dungeon)

   [ring of positive energy]

   Dex+3:     It affects your dexterity (+3).
   rPois:     It protects you from poison rN+: It protects you from negative
   energy.
Scrolls
 g - 2 scrolls of teleportation
 m - a scroll of fog
 r - a scroll of amnesia
Potions
 f - a potion of attraction {unknown}
 h - a potion of enlightenment {unknown}
 i - a potion of curing {unknown}
 j - a potion of heal wounds {unknown}
 k - a potion of brilliance {unknown}
 o - a potion of haste {unknown}


   Skills:
 + Level 3.0 Fighting
 + Level 4.2 Axes
 + Level 1.9 Throwing
 + Level 2.2 Armour
 + Level 3.5 Dodging
 + Level 0.3 Stealth


You had 4 spell levels left.
You didn't know any spells.
Your spell library contained the following spells:

 Spells                   Type           Power      Damage    Failure   Level
 Kiss of Death            Conj/Necr      0%         2d5       41%         1
 Confusing Touch          Hex            0%         N/A       78%         3
 Ozocubu's Armour         Ice            0%         N/A       78%         3
 Dispel Undead            Necr           0%         3d6       99%         4
 Leda's Liquefaction      Hex/Erth       0%         N/A       99%         4
 Lee's Rapid Deconstruct  Erth           0%         3d4*      100%        5
 Bombard                  Conj/Erth      0%         9d1       100%        6
 Ozocubu's Refrigeration  Ice            0%         4d7       100%        7


Dungeon Overview and Level Annotations

Branches:
Dungeon (4/15)
 Temple: D:4-7

Altars:

Shops:
D:1 ?[

Annotations:
D:1 1 transporter


Innate Abilities, Weirdness & Mutations

You are partially covered in sharp spines.
Your touch may inflict minor irresistible damage on your foes.


Message History

There is an open door here.
You open the door.
A hound comes into view.
There is an open door here.
A hound is nearby!
A hound is nearby!
The hound barks!
You barely miss the hound.
You touch the hound!
The hound is heavily wounded.
The hound is struck by your spines. The hound bites you. The hound misses you.
You closely miss the hound. You punch the hound, but do no damage.
The hound is almost dead.
The hound barely misses you. The hound closely misses you.
You closely miss the hound.
You touch the hound.
You kill the hound!
Your Fighting skill increases to level 3!
You open the door.
There is an open door here.
You open the door.
There is an open door here.
You pick up a book of the Earth and begin reading...
You add the spells Leda's Liquefaction, Lee's Rapid Deconstruction and Bombard to your library.
Key pressed, stopping explore.
Found a pair of gloves.
o - a coppery potion An ogre comes into view.
It is wielding a +0 giant spiked club.
An ogre is nearby!
An ogre is nearby!
The ogre shouts!
You slash the ogre! Your touch misses the ogre.
The ogre is heavily wounded.
The ogre is struck by your spines.
The ogre hits you with a +0 giant spiked club!!
Ouch! That really hurt!
You hit the ogre.
You touch the ogre!
The ogre is almost dead.
The ogre is struck by your spines.
The ogre hits you with a +0 giant spiked club!!
Ouch! That really hurt!
You die...

... #.####..~~~.... ....
#.# #.......### . ....#
#.# #.......#..
.......##.# #.......#..
..........## #.......#..
......##...###.......#..
..... ##............#..
......###.#######[. #.#
......O@..# #..
.########## ### . #


You could see an ogre.

Vanquished Creatures
  A scorpion (D:3)
  A jelly (D:4)
  A hound (D:4)
  5 adders
  An ufetubus (D:4)
  A dart slug (D:3)
  3 orcs
  6 bats
  3 endoplasms
  3 giant cockroaches
  6 goblins
  6 hobgoblins
  4 kobolds
  2 quokkas
  5 ball pythons
  A frilled lizard (D:1)
  10 rats
59 creatures vanquished.

Notes
Turn   | Place    | Note
-------+----------+-------------------------------------------
     0 | D:1      | lonewolfV2 the Demonspawn Gladiator began the quest for the
                  | Orb.
     0 | D:1      | Reached XP level 1. HP: 16/16 MP: 1/1
    53 | D:1      | Found Dolimeph's Magic Scroll Shoppe.
   210 | D:1      | Gained mutation: Your touch may inflict minor irresistible
                  | damage on your foes. [demonic ancestry]
   210 | D:1      | Reached XP level 2. HP: 18/22 MP: 2/2
   376 | D:1      | Found Zilur's Antique Armour Emporium.
   379 | D:1      | Reached skill level 3 in Axes
  1047 | D:2      | Gained mutation: You are partially covered in sharp spines.
                  | [demonic ancestry]
  1047 | D:2      | Reached XP level 3. HP: 19/28 MP: 3/3
  1137 | D:2      | Found a faded altar of an unknown god.
  1479 | D:3      | Reached skill level 1 in Armour
  1550 | D:3      | Reached XP level 4. HP: 30/34 MP: 4/4
  2100 | D:3      | Identified the ring of Fragile Peace {rPois rN+ Dex+3}
  2180 | D:3      | Noticed a scorpion
  2186 | D:3      | Killed a scorpion
  2187 | D:3      | Reached XP level 5. HP: 26/39 MP: 5/5
  2497 | D:4      | Reached skill level 4 in Axes
  2642 | D:4      | Noticed an ogre
  2653 | D:4      | Demolished by an ogre

Illustrated notes

Levels and vault maps discovered:
D:1:      spicycebolla_arrival_transporter_tutorial, layout_basic, serial_shops,
          shop, shop
D:2:      layout_basic, ebering_ecumenical_altar_box
D:3:      layout_loops_ring
D:4:      layout_basic, nicolae_gozag_seed_capital, serial_shops,
          shop_fountains, serial_park_tiny_pond, minmay_pentangle

Skill      XL: |  1  2  3  4  5 |
---------------+----------------+-----
Axes           | 3 4 |  4.2
Dodging        | 3 |  3.5
Armour         | 1 2 |  2.2
Fighting       | 3 |  3.0
Throwing       | |  1.9
Stealth        | |  0.3

Action                     |  1- 3 |  4- 6 || total
---------------------------+-------+-------++-------
  Melee: War axe           |    83 |    36 ||   119
         Touch             |     6 |     7 ||    13
         Punch             |       |     1 ||     1
  Throw: Throwing net      |     3 |       ||     3
    Use: Scroll            |     1 |     6 ||     7
 Armour: Leather armour    |    76 |    16 ||    92
  Dodge: Dodged            |    75 |    20 ||    95

Table legend: (Time is in decaauts)
 A = Elapsed time spent in this place.
 B = Non-inter-level travel time spent in this place.
 C = Inter-level travel time spent in this place.
 D = Time resting spent in this place.
 E = Time spent auto-exploring this place.
 F = Levels seen in this place.
 G = Mean time per level.
                   A        B        C        D        E       F      G
               +--------+--------+--------+--------+--------+-----+--------+
         Total |   2690 |   2545 |    145 |    177 |   1854 |   4 |  672.5 |
       Dungeon |   2690 |   2545 |    145 |    177 |   1854 |   4 |  672.5 |
               +--------+--------+--------+--------+--------+-----+--------+

Top non-repeatable levels by time:
     D:3: 1031 daAuts
     D:1: 885 daAuts
     D:2: 611 daAuts
     D:4: 162 daAuts
